 Dungeon Crawl Stone Soup version 0.24.0-37-gcf1ca852f1 (console) character file.

Game seed: 9730928494064523846, levelgen mode: deterministic

620 AlterAsc the Insei (level 7, 0/46 HPs)
             Began as an Octopode Transmuter on Dec 6, 2019.
             Killed from afar by Ijyb (23 damage)
             ... with a bolt of acid
             ... on level 4 of the Dungeon.
             The game lasted 00:12:09 (3553 turns).

AlterAsc the Insei (Octopode Transmuter)            Turns: 3553, Time: 00:12:09

Health: 0/46       AC:  7    Str: 11    XL:     7   Next: 46%
Magic:  6/11       EV: 20    Int: 12    God:
Gold:   154        SH:  0    Dex: 18    Spells: 2/12 levels left

rFire    . . .     SeeInvis .     - Unarmed
rCold    . . .     Gourm    .   (shield currently unavailable)
rNeg     . . .     Faith    .   (helmet currently unavailable)
rPois    .         Spirit   .   (no amulet)
rElec    .         Reflect  .   l - +5 ring of protection
rCorr    .         Harm     .   q - -3 ring of intelligence (curse)
MR       .....                  b - ring of poison resistance
Stlth    ++........             (no ring)
HPRegen  0.15/turn              (no ring)
MPRegen  0.12/turn              (no ring)
                                (no ring)
                                (no ring)

@: lethally poisoned (0 -> -19), spider-form (expiring), very slightly
contaminated
A: tiny, almost no armour, stealthy swim, (amphibious), 8 rings, (constrict 8)
a: End Transformation


You were on level 4 of the Dungeon.
You were hungry.
You were a venomous arachnid creature.
You visited 1 branch of the dungeon, and saw 4 of its levels.

You collected 154 gold pieces.

Inventory:

Missiles
 a - 56 arrows
 x - 6 poisoned darts (quivered)
Armour
 p - a +2 hat (melded)
Jewellery
 b - a ring of poison resistance (on tentacle)
 l - a +5 ring of protection (left front leg)
 q - a cursed -3 ring of intelligence (right front leg)
Wands
 y - a wand of flame (13)
Scrolls
 d - a scroll of enchant armour {unknown}
 e - 3 scrolls of teleportation {unknown}
 g - 8 scrolls of remove curse {unknown}
 h - 7 scrolls of identify {unknown}
 i - 2 scrolls of amnesia {unknown}
 o - 3 scrolls of blinking {unknown}
 v - a scroll of magic mapping {unknown}
Potions
 f - 2 potions of lignification {unknown}
 j - a potion of resistance {unknown}
 k - a potion of invisibility {unknown}
 m - 2 potions of degeneration {unknown}
 n - a potion of berserk rage {unknown}
 r - 2 potions of haste {unknown}
 s - 2 potions of agility {unknown}
 t - a potion of brilliance {unknown}
 u - a potion of mutation {unknown}
Comestibles
 c - 12 rations
 w - 2 chunks of flesh


   Skills:
 - Level 3.1 Fighting
 - Level 2.0 Dodging
 - Level 5.3 Unarmed Combat
 - Level 3.3 Spellcasting
 * Level 4.7 Transmutations
 * Level 1.2 Ice Magic


You had 2 spell levels left.
You knew the following spells:

 Your Spells              Type           Power        Failure   Level  Hunger
a - Beastly Appendage     Tmut           ##....       12%         1    #......
b - Sticks to Snakes      Tmut           ##......     16%         2    ###....
c - Spider Form           Tmut/Pois      #.........   47%         3    ###....
d - Ice Form              Ice/Tmut       #.......     77%         4    #####..

Your spell library contained the following spells:

 Spells                   Type           Power        Failure   Level  Hunger
 Animate Skeleton         Necr           N/A          45%         1    #......
 Apportation              Tloc           #.....       45%         1    #......
 Confusing Touch          Hex            #.....       45%         1    #......
 Summon Small Mammal      Summ           #...         45%         1    #......
 Blade Hands              Tmut           ##........   85%         5    ######.


Dungeon Overview and Level Annotations

Branches:
Dungeon (4/15)             Temple (0/1) D:4

Altars:
Cheibriados
Nemelex Xobeh
Qazlal
Xom

Annotations:
D:4 Edmund, Ijyb


Innate Abilities, Weirdness & Mutations

You cannot wear most types of armour.
You are very stealthy in the water. (Stealth+)
((You are amphibious.))
You can wear up to eight rings at the same time.
((You can use your tentacles to constrict eight enemies at once.))
((Your skin changes colour to match your surroundings (Stealth+).))
((Your rubbery body absorbs attacks. (AC +1, EV +1)))


Message History

You completely miss Ijyb.
Ijyb is lightly wounded.
Your transformation is almost over.
Ijyb zaps a wand.
The bolt of acid hits you.
You are splashed with acid!
You closely miss Ijyb.
Ijyb is lightly wounded.
You feel sick. Ijyb hits you but does no damage.
You are more poisoned.
You hit Ijyb.
Ijyb looks as sick as possible!
Ijyb is heavily wounded.
You feel sick.
You hit Ijyb.
Ijyb looks as sick as possible!
Ijyb is heavily wounded.
You feel sick. Ijyb hits you but does no damage.
You are more poisoned.
You hit Ijyb.
Ijyb looks as sick as possible!
Ijyb is severely wounded.
You feel sick.
Ijyb zaps a wand.
The bolt of acid hits you!!
Ouch! That really hurt!
You die...

#######...##.#
#...#. #...##.#
#...## #...##.#
#########...##.#
#............#.#
#.##########.#.#
#.# ...#.#.# #.#
#.####.#.#.# #.#
#....gs..#.#
#.#..........#.#
#.############.#
#........>.....#
##############.#
###


You could see Ijyb.

Vanquished Creatures
  Sigmund (D:3)
  A bullfrog (D:2)
  An orc priest (D:4)
  A hound (D:4)
  3 orc wizards
  Jessica (D:3)
  A centaur skeleton (D:4)
  An iguana (D:4)
  Terence (D:3)
  A hound skeleton (D:4)
  4 gnolls
  2 adders
  An ooze (D:3)
  A worm (D:2)
  A leopard gecko (D:4)
  10 orcs
  2 giant cockroaches
  3 goblins
  5 hobgoblins
  2 jackals (D:4)
  2 quokkas (D:4)
  3 ball pythons
  13 bats
  2 frilled lizards
  7 kobolds
  7 rats
77 creatures vanquished.

Notes
Turn   | Place    | Note
-------+----------+-------------------------------------------
     0 | D:1      | AlterAsc the Octopode Transmuter began the quest for the
                  | Orb.
     0 | D:1      | Reached XP level 1. HP: 13/13 MP: 3/3
    76 | D:1      | Reached XP level 2. HP: 18/18 MP: 5/5
   472 | D:1      | Learned a level 2 spell: Sticks to Snakes
   749 | D:2      | Noticed a bullfrog
   758 | D:2      | Killed a bullfrog
   758 | D:2      | Reached XP level 3. HP: 10/24 MP: 6/6
   758 | D:2      | Reached XP level 4. HP: 12/29 MP: 7/7
   772 | D:2      | Learned a level 3 spell: Spider Form
   933 | D:2      | Found a stormy altar of Qazlal.
  1705 | D:3      | Noticed Terence
  1717 | D:3      | Killed Terence
  1717 | D:3      | Reached skill level 4 in Unarmed Combat
  1717 | D:3      | Reached XP level 5. HP: 34/34 MP: 5/8
  1979 | D:3      | Found a shimmering altar of Xom.
  1979 | D:3      | Found a shimmering altar of Xom.
  1985 | D:3      | Found a shimmering altar of Xom.
  1985 | D:3      | Found a shimmering altar of Xom.
  1985 | D:3      | Found a shimmering altar of Xom.
  1989 | D:3      | Found a shimmering altar of Xom.
  1989 | D:3      | Found a shimmering altar of Xom.
  2049 | D:3      | Found a snail-covered altar of Cheibriados.
  2112 | D:3      | Noticed Jessica
  2122 | D:3      | Killed Jessica
  2123 | D:3      | Noticed Sigmund
  2134 | D:3      | Killed Sigmund
  2134 | D:3      | Reached XP level 6. HP: 28/41 MP: 8/10
  2440 | D:4      | Noticed Edmund
  2788 | D:4      | Reached skill level 5 in Unarmed Combat
  2795 | D:4      | Found a staircase to the Ecumenical Temple.
  2802 | D:4      | Reached XP level 7. HP: 45/45 MP: 8/11
  2971 | D:4      | Learned a level 4 spell: Ice Form
  3257 | D:4      | Found a sparkling altar of Nemelex Xobeh.
  3259 | D:4      | Reached skill level 1 in Ice Magic
  3540 | D:4      | Noticed Ijyb
  3553 | D:4      | Killed from afar by Ijyb

Levels and vault maps discovered:
D:1:      minmay_arrival_up_and_down, layout_basic
D:2:      layout_rooms, marbit_many_paths, st_stairs_12,
          hangedman_decor_opposing
D:3:      layout_basic, nicolae_xom_altar_mimics, cheibriados_altar_1,
          minmay_misc_feat_iff, uniq_sigmund, uniq_terence, uniq_jessica
D:4:      wad_river_or_something, layout_basic, nicolae_overflow_crystal_walls,
          minmay_temple_entry_stoned_glass, uniq_edmund, uniq_ijyb

Skill      XL: |  1  2  3  4  5  6  7 |
---------------+----------------------+-----
Transmutations | 3 4 |  4.7
Fighting       | 2 3 |  3.1
Unarmed Combat | 4 5 |  5.3
Spellcasting   | 3 |  3.3
Ice Magic      | 1 |  1.2
Dodging        | |  2.0

Action                   |  1- 3 |  4- 6 |  7- 9 || total
-------------------------+-------+-------+-------++-------
Melee: Unarmed           |    40 |    93 |    63 ||   196
       Constrict         |     9 |    20 |    12 ||    41
       Tentacles         |     6 |     7 |     5 ||    18
       Kick              |     5 |     9 |       ||    14
       Punch             |     1 |       |     2 ||     3
 Cast: Beastly Appendage |    12 |    16 |     1 ||    29
       Spider Form       |       |     3 |     3 ||     6
 Stab: Sleeping          |     5 |     4 |     1 ||    10
  Eat: Chunk             |       |     7 |     2 ||     9
Armor: Skin              |     7 |    29 |    14 ||    50
Dodge: Dodged            |    27 |    66 |    34 ||   127
